 Dungeon Crawl Stone Soup version 0.28.0-53-g5a82cb258f (webtiles) character file.

Game seed: 15343731683743420504

44 Erymatos the Chopper (level 3, -1/49 HPs)
             Began as a Minotaur Berserker on June 8, 2022.
             Was a Believer of Trog.
             Slain by a gnoll
             ... wielding a +0 halberd
              (12 damage)
             ... on level 2 of the Dungeon.
             The game lasted 00:00:34 (1371 turns).

Erymatos the Chopper (Minotaur Berserker)           Turns: 1371, Time: 00:00:35

Health: -1/49      AC:  2    Str: 23    XL:     3   Next: 41%
Magic:  2/2        EV:  6    Int:  4    God:    Trog [**....]
Gold:   27         SH:  0    Dex:  9    Spells: 2/2 levels left

rFire   . . .      SeeInvis .   a - +0 hand axe
rCold   . . .      Faith    .   (no shield)
rNeg    . . .      Spirit   .   b - +0 animal skin
rPois   .          Reflect  .   (helmet restricted)
rElec   .          Harm     .   (no cloak)
rCorr   .          Rampage  .   (no gloves)
Will    .....                   (no boots)
Stlth   ..........              (no amulet)
HPRegen 0.16/turn               (no ring)
MPRegen 0.08/turn               (no ring)

@: berserking (expiring), held, very quick
A: horns 2, retaliatory headbutt
a: Renounce Religion, Berserk, Trog's Hand


You were on level 2 of the Dungeon.
You worshipped Trog.
Trog was pleased with you.
You visited 1 branch of the dungeon, and saw 2 of its levels.

You collected 27 gold pieces.

Inventory:

Hand Weapons
 a - a +0 hand axe (weapon)
Armour
 b - a +0 animal skin (worn)
Scrolls
 d - a scroll of enchant weapon {unknown}
Potions
 c - a potion of lignification {unknown}


   Skills:
 + Level 4.2 Fighting
 + Level 4.6 Axes
 + Level 2.6 Armour
 + Level 2.5 Dodging
 + Level 0.1 Stealth


You had 2 spell levels left.
You didn't know any spells.
Your spell library was empty.

Dungeon Overview and Level Annotations

Branches:
Dungeon (2/15)

Altars:


Innate Abilities, Weirdness & Mutations

You have a pair of horns on your head.
You reflexively headbutt those who attack you in melee.


Message History

A goblin comes into view. It is wielding a +0 dagger.
The goblin barely misses you.
There are monsters nearby!
You hit the goblin.
The goblin is severely wounded.
The goblin hits you with a +0 club.
There are monsters nearby!
You miss the goblin.
The goblin is severely wounded.
The goblin hits you but does no damage.
A gnoll comes into view. It is wielding a +0 spear.
A gnoll comes into view. It is wielding a +0 flail.
The gnoll hits you from afar with a +0 halberd.
There are monsters nearby!
You slash the goblin!
You kill the goblin!
Trog accepts your kill.
The gnoll throws a throwing net.
The throwing net hits you.
You become entangled in the net!
The gnoll hits you from afar with a +0 halberd.
Unknown command.
You are too injured to fight recklessly!
There are monsters nearby!
You are too injured to fight recklessly!
There are monsters nearby!
You are too injured to fight recklessly!
A red film seems to cover your vision as you go berserk!
You feel yourself moving faster!
You feel mighty! The gnoll barely misses you.
The goblin hits you with a +0 dagger.
You struggle against the net.
You feel a strong urge to attack something.
The gnoll hits you from afar with a +0 halberd!
* * * LOW HITPOINT WARNING * * *
Unknown command.
You struggle against the net.
The goblin hits you but does no damage.
Unknown command.
You struggle against the net.
You feel your anger nearly subside.
The gnoll hits you from afar with a +0 halberd!
You die...

#.# # ... #. #.#
##. ##. #.# ..w
..g#.# ...
##g#.####.###
.###..).........
...g...@g..#
.###.#..>..######.
##........... #
#>(.#######. #.
#........#
###.##..#####.#
#......).(....#
.........######
#........#######


You could see 3 gnolls and a goblin.

Vanquished Creatures
  2 gnolls
  A dart slug (D:1)
  3 endoplasms (D:1)
  A giant cockroach (D:1)
  5 goblins
  A hobgoblin (D:1)
  A kobold (D:2)
  A quokka (D:1)
  A ball python (D:1)
  2 bats
  A frilled lizard (D:1)
  4 rats (D:1)
23 creatures vanquished.

Notes
Turn   | Place    | Note
-------+----------+-------------------------------------------
     0 | D:1      | Erymatos the Minotaur Berserker began the quest for the
                  | Orb.
     0 | D:1      | Reached XP level 1. HP: 19/19 MP: 0/0
   415 | D:1      | Reached XP level 2. HP: 27/27 MP: 1/1
   817 | D:1      | Reached XP level 3. HP: 31/33 MP: 2/2
  1278 | D:1      | Found a faded altar of an unknown god.
  1363 | D:2      | Reached ** piety under Trog
  1371 | D:2      | Slain by a gnoll

Illustrated notes

Levels and vault maps discovered:
D:1:      amcnicky_arrival_flooded_fountain, layout_loops_ring,
          shapermc_ecumenical_altar_mp_urbaneastern
D:2:      layout_basic, basic_altar, uniq_crazy_yiuf_cottage, uniq_natasha,
          uniq_terence

Skill      XL: |  1  2 |
---------------+-------+-----
Fighting       | 4 |  4.2
Axes           | 4 |  4.6
Armour         | |  2.6
Dodging        | |  2.5
Stealth        | |  0.1

Action                   || total
-------------------------++-------
Melee: Hand axe          ||    46
       Headbutt          ||     6
       Punch             ||     2
Invok: Berserk           ||     1
 Stab: Sleeping          ||     1
Armor: Animal skin       ||     8
Dodge: Dodged            ||    19
